AoeStats
← AhHeck

Golden Pit

503115640Analyzed
1v1 RM · 1mo ago on Aug 30, 2026· 65m 21s· 2 players
Game mode
Random Map
Map size
Tiny (2 player)
Population
200
Speed
Normal
Resources
Standard
Victory
Conquest
Starting age
Dark Age
Ending age
Imperial Age
RankedLock teamsTeams togetherTeam positionsShared explorationLock speedFull tech treeHidden civsTurbo modeCheats
Victory
Defeat
🇫🇷 Burgundians · France
905
+41
🇬🇧 Bulgarians · United Kingdom
869
-39
AhHeck
11:29 Feudal Age
13:16 Wheelbarrow
15:09 Double-Bit Axe
15:36 Town Watch
15:37 Horse Collar
16:42 Gold Mining
20:58 Forging
20:39 Fletching
21:05 Padded Archer Armor
27:35 Castle Age
28:38 Hand Cart
28:27 Town Patrol
29:00 Scale Barding Armor
28:55 Scale Mail Armor
29:31 Iron Casting
28:51 Bodkin Arrow
29:12 Leather Archer Armor
30:15 Chain Barding Armor
30:11 Chain Mail Armor
32:26 Stone Mining
33:11 Gold Shaft Mining
32:41 Heavy Plow
33:03 Bow Saw
36:00 Imperial Age
37:29 Pikeman
37:32 Elite Skirmisher
37:41 Elite Konnik
44:09 Masonry
43:58 Murder Holes
43:55 Guard Tower
45:07 Chemistry
44:46 Ballistics
46:43 Stirrups
59:41 Thumb Ring
63:55 Keep
63:40 Siege Engineers
20SYL310
1:08 Loom
3:53 Wheelbarrow
8:39 Double-Bit Axe
12:10 Horse Collar
15:38 Feudal Age
15:14 Gold Mining
15:16 Stone Mining
16:36 Hand Cart
16:52 Town Watch
19:09 Bow Saw
20:05 Heavy Plow
22:38 Scale Mail Armor
22:30 Fletching
22:48 Scale Barding Armor
22:54 Forging
27:12 Gold Shaft Mining
27:15 Stone Shaft Mining
27:05 Padded Archer Armor
31:39 Castle Age
33:06 Crop Rotation
33:49 Two-Man Saw
32:16 Cavalier
32:57 Husbandry
32:22 Crossbowman
32:23 Elite Skirmisher
33:07 Squires
33:54 Pikeman
35:07 Chain Mail Armor
34:49 Bodkin Arrow
38:49 Ballistics
47:07 Imperial Age
46:37 Leather Archer Armor
48:50 Chemistry
48:59 Chain Barding Armor
57:52 Plate Barding Armor
57:56 Iron Casting
60:48 Guard Tower
60:33 Paladin
61:00 Halberdier
63:48 Burgundian Vineyards
64:18 Conscription
Connection lost

Rejoining the realm…

Still unreachable

The connection could not be restored.

Session expired

The server has moved on; the page needs a fresh start.